 Dungeon Crawl Stone Soup version 0.23.0 (webtiles) character file.

Game seed: 8957533263023084532

74 vishdafish the Charmwright (level 4, -2/34 HPs)
             Began as a Formicid Skald on Feb 15, 2019.
             Splashed by a jelly's acid (7 damage)
             ... on level 2 of the Dungeon.
             The game lasted 00:01:57 (1743 turns).

vishdafish the Charmwright (Formicid Skald)         Turns: 1743, Time: 00:01:57

Health: -2/34      AC: -8    Str: 16    XL:     4   Next: 54%
Magic:  0/8        EV: 12    Int: 13    God:
Gold:   81         SH:  0    Dex: 10    Spells: 7/8 levels left

rFire    + . .     SeeInvis +   a - +0 hand axe
rCold    + . .     Gourm    .   (no shield)
rNeg     . . .     Faith    .   b - +0 leather armour
rPois    .         Spirit   +   (helmet unavailable)
rElec    .         Reflect  .   k - scarf {rC+ rF+}
rCorr    .         Harm     .   (no gloves)
MR       .....                  (no boots)
Stlth    +.........             h - amulet of guardian spirit
HPRegen  0.11/turn              (no ring)
MPRegen  0.11/turn              (no ring)

@: infused, corroded
A: permanent stasis, dig shafts and tunnels, four strong arms, antennae 3
a: Dig, Shaft Self


You were on level 2 of the Dungeon.
You were hungry.

You visited 1 branch of the dungeon, and saw 3 of its levels.

You collected 81 gold pieces.

Inventory:

Hand Weapons
 a - a +0 hand axe (weapon)
Armour
 b - a +0 leather armour (worn)
 k - a scarf of resistance (worn)
Jewellery
 h - an amulet of guardian spirit (around neck)
Scrolls
 c - a scroll of fog {unknown}
 e - a scroll of immolation {unknown}
 f - 4 scrolls of teleportation {unknown}
 i - 2 scrolls of magic mapping {unknown}
 j - 2 scrolls of identify {unknown}
 l - a scroll of enchant armour {unknown}
 n - a scroll of enchant weapon {unknown}
 o - a scroll of random uselessness {unknown}
Potions
 g - a potion of brilliance {unknown}
 m - a potion of resistance {unknown}
Comestibles
 d - 8 rations


   Skills:
 + Level 2.8 Fighting
 + Level 2.6 Axes
 + Level 2.1 Armour
 + Level 2.3 Dodging
 + Level 2.7 Spellcasting
 - Level 3.0 Charms


You had 7 spell levels left.
You knew the following spells:

 Your Spells              Type           Power        Failure   Level  Hunger
a - Infusion              Chrm           #...         9%          1    #......

Your spell library contained the following spells:

 Spells                   Type           Power        Failure   Level  Hunger
 Song of Slaying          Chrm           #.......     13%         2    ###....
 Shroud of Golubria       Chrm/Tloc      #.........   24%         2    ###....
 Regeneration             Chrm/Necr      #.........   43%         3    ###....
 Spectral Weapon          Hex/Chrm       #.......     43%         3    ###....


Dungeon Overview and Level Annotations

Branches:
Dungeon (3/15)

Altars:
Uskayaw


Innate Abilities, Weirdness & Mutations

You cannot be hasted, slowed, berserked, paralysed or teleported.
You can dig through walls and to a lower floor.
Your four strong arms can wield two-handed weapons with a shield.
You have a pair of large antennae on your head. (SInv)


Message History

The goblin hits you with a cursed -3 dagger.
You climb upwards.
There is a stone staircase leading down here.
Okay, then.
Casting: Infusion (safe; 9% risk of failure)
Confirm with . or Enter, or press ? or * to list all spells.
You begin infusing your attacks with magical energy.
The jelly hits you. The acid corrodes you!
You are splashed with acid!
The goblin misses you. The rat bites you.
You hit the jelly.
Your hands burn!
The jelly is moderately wounded.
You hit the rat. You miss the goblin. The jelly hits you.
The acid corrodes you!
You are splashed with acid!
* * * LOW HITPOINT WARNING * * *
The goblin hits you with a cursed -3 dagger.
* * * LOW HITPOINT WARNING * * *
The rat barely misses you. The jelly hits you.
* * * LOW HITPOINT WARNING * * *
The acid corrodes you!
You are splashed with acid!
You die...

..#
#.)#
..#
##.##
..#
#..#
..#####
#..#
......#
##.##
#####.#
#..#
#.#
#..#
#.#
#rg#
#.#
##@#
#.# #J#
#.# #.#
#.# #.#
#.# #.#
#.# #.#
#.# #.#
#.# #.#
#.# #.#


You could see a jelly, a goblin and a rat.

Vanquished Creatures
  Terence (D:2)
  A worm (D:2)
  A dart slug (D:2)
  5 leopard geckos
  An orc (D:2)
  2 giant cockroaches (D:1)
  3 hobgoblins (D:1)
  A quokka (D:2)
  3 bats
  A frilled lizard (D:1)
  7 goblins
  8 kobolds
  5 rats
39 creatures vanquished.

Notes
Turn   | Place    | Note
-------+----------+-------------------------------------------
     0 | D:1      | vishdafish the Formicid Skald began the quest for the Orb.
     0 | D:1      | Reached XP level 1. HP: 16/16 MP: 3/3
    52 | D:1      | Reached XP level 2. HP: 18/23 MP: 5/5
   405 | D:1      | Reached XP level 3. HP: 16/28 MP: 6/6
  1085 | D:2      | Noticed Terence
  1093 | D:2      | Killed Terence
  1093 | D:2      | Reached XP level 4. HP: 15/34 MP: 2/8
  1198 | D:2      | Found a hide-covered altar of Uskayaw.
  1228 | D:2      | Found a faded altar of an unknown god.
  1743 | D:2      | Splashed by a jelly's acid

Skill      XL: |  1  2  3 |
---------------+----------+-----
Dodging        | 2 |  2.3
Armour         | 2 |  2.1
Fighting       | |  2.8
Axes           | |  2.6
Spellcasting   | |  2.7
Charms         | |  3.0

Action                   |  1- 3 |  4- 6 || total
-------------------------+-------+-------++-------
Melee: Hand axe          |   122 |    22 ||   144
 Cast: Infusion          |     2 |     1 ||     3
  Eat: Chunk             |       |     2 ||     2
Armor: Leather armour    |    37 |     5 ||    42
Dodge: Dodged            |    86 |    14 ||   100
